 Dungeon Crawl Stone Soup version 0.26.1-11-gd32895ea62 (webtiles) character file.

Game seed: 5621614569255705335

37 Descartes the Sneak (level 3, 0/16 HPs)
             Began as a Felid Wanderer on Apr 17, 2021.
             Succumbed to an adder's poison
             ... on level 2 of the Dungeon.
             The game lasted 00:02:11 (1624 turns).

Descartes the Sneak (Felid Wanderer)                Turns: 1624, Time: 00:02:12

Health: 0/16       AC:  1    Str:  8    XL:     3   Next: 23%
Magic:  4/4        EV: 18    Int: 17    God:
Gold:   126        SH:  5    Dex: 12    Spells: 2/2 levels left
                                        Lives:  0   Deaths: 0

rFire    x . .     SeeInvis +     - Unarmed
rCold    + . .     Faith    .   (shield unavailable)
rNeg     . . .     Spirit   .   (armour unavailable)
rPois    .         Reflect  +   (helmet unavailable)
rElec    .         Harm     .   (cloak unavailable)
rCorr    .         Rampage  .   (gloves unavailable)
Will     .....                  (boots unavailable)
Stlth    +++.......             l - amulet of reflection
HPRegen  0.05/turn              h - ring of ice (curse)
MPRegen  0.09/turn              (no ring)

@: lethally poisoned (0 -> -5), quick
A: very small, no armour, no weapons or thrown items, stealth, claws 1, fangs 3,
see invisible, speed 1, shaggy fur 1, sharp paws
a: no special abilities


You were on level 2 of the Dungeon.
You visited 1 branch of the dungeon, and saw 2 of its levels.

You collected 126 gold pieces.

Inventory:

Jewellery
 h - a cursed ring of ice (left paw)
 l - an amulet of reflection (around neck)
Scrolls
 a - 2 scrolls of fear
 e - a scroll of identify {unknown}
 f - 2 scrolls of remove curse {unknown}
 g - a scroll of immolation {unknown}
 k - a scroll of teleportation {unknown}
Potions
 b - a potion of haste
 c - a potion of lignification
 d - a potion of curing
 i - a potion of attraction {unknown}
 j - a potion of degeneration {unknown}


   Skills:
 + Level 1.7 Fighting
 + Level 3.3 Dodging
 + Level 5.8 Stealth
 + Level 3.3 Unarmed Combat


You had 2 spell levels left.
You didn't know any spells.
Your spell library was empty.

Dungeon Overview and Level Annotations

Branches:
Dungeon (2/15)

Altars:

Annotations:
D:2 1 runed translucent door, Crazy Yiuf


Innate Abilities, Weirdness & Mutations

You cannot wear armour.
You are incapable of wielding weapons or throwing items.
Your paws allow you to move quietly. (Stealth)
You have sharp claws.
You have razor-sharp teeth.
You have supernaturally acute eyesight. (SInv)
You cover ground quickly.
You are covered in fur. (AC +1)
Your sharp claws are effective at attacking unaware monsters.


Message History

The worm is almost dead.
You block the adder's attack.
You barely miss the worm.
The worm is almost dead.
The adder bites you.
You are poisoned.
The adder poisons you! The worm bites you.
You are too injured to fight recklessly!
You are too injured to fight recklessly!
* * * LOW HITPOINT WARNING * * *
You feel sick. You block the adder's attack.
* * * LOW HITPOINT WARNING * * *
You feel sick.
* * * LOW HITPOINT WARNING * * *
You feel sick.
* * * LOW HITPOINT WARNING * * *
You feel sick.
There is a stone staircase leading down here.
The adder misses you.
You die...

#.......#
#..$w.###
#w##..#
#.##..#
#.##..# #
#.##..# #
#.#...# #
#######.#..(.
#.@.S>..#
#<####### #.#
#.# #.# #.#
#.. ###


You could see an adder.

Vanquished Creatures
  An ooze (D:1)
  2 dart slugs (D:1)
  2 giant cockroaches (D:1)
  2 goblins (D:2)
  5 hobgoblins
  6 kobolds
  4 bats
  4 frilled lizards
  4 rats
30 creatures vanquished.

Notes
Turn   | Place    | Note
-------+----------+-------------------------------------------
     0 | D:1      | Descartes the Felid Wanderer began the quest for the Orb.
     0 | D:1      | Descartes set off with the following items: a scroll of
                  | fear, a potion of haste, a potion of lignification, a
                  | potion of curing
     0 | D:1      | Reached XP level 1. HP: 9/9 MP: 2/2
   257 | D:1      | Reached XP level 2. HP: 12/12 MP: 3/3
   905 | D:2      | Reached XP level 3. HP: 16/16 MP: 4/4
  1109 | D:2      | Found a runed translucent door.
  1110 | D:2      | Noticed Crazy Yiuf
  1238 | D:2      | Noticed a black bear
  1624 | D:2      | Succumbed to an adder's poison

Illustrated notes

Levels and vault maps discovered:
D:1:      dpeg_arrival_arbitrary_b, layout_loops_cross,
          chequers_serial_rivers_small_a, minmay_misc_feat_square
D:2:      layout_loops_ring, uniq_crazy_yiuf_cottage

Skill      XL: |  1 |
---------------+----+-----
Dodging        | 3 |  3.3
Fighting       | |  1.7
Stealth        | |  5.8
Unarmed Combat | |  3.3

Action                   || total
-------------------------++-------
Melee: Unarmed           ||    69
       Bite              ||     4
       Punch             ||     1
 Stab: Sleeping          ||    13
Armor: Skin              ||     1
Dodge: Dodged            ||    41
Block: Other             ||     8
